 Dungeon Crawl Stone Soup version 0.24.0-123-gd5b16e6ec5 (webtiles) character file.

Game seed: 8496950952977411761, levelgen mode: deterministic

141 Ponchio the Covered (level 5, 0/33 HPs)
             Began as a Gargoyle Fighter on Dec 31, 2019.
             Killed by divine providence
             ... invoked by an orc priest
              (8 damage)
             ... on level 3 of the Dungeon.
             The game lasted 00:02:56 (2059 turns).

Ponchio the Covered (Gargoyle Fighter)              Turns: 2059, Time: 00:02:57

Health: 0/33       AC: 11    Str: 19    XL:     5   Next: 24%
Magic:  5/5        EV:  7    Int:  9    God:
Gold:   184        SH:  9    Dex: 10    Spells: 4/4 levels left

rFire    . . .     SeeInvis .   a - +0 flail
rCold    . . .     Gourm    .   c - +0 shield
rNeg     + . .     Faith    .   b - +0 scale mail
rPois    ∞         Spirit   .   (no helmet)
rElec    +         Reflect  .   (no cloak)
rCorr    .         Harm     .   (no gloves)
MR       .....                  (no boots)
Stlth    ..........             (no amulet)
HPRegen  0.11/turn              (no ring)
MPRegen  0.09/turn              (no ring)

@: no status effects
A: negative energy resistance 1, electricity resistance, unbreathing,
petrification resistance, rot immunity, AC +4
a: no special abilities


You were on level 3 of the Dungeon.
You were hungry.

You visited 1 branch of the dungeon, and saw 3 of its levels.

You collected 184 gold pieces.

Inventory:

Hand Weapons
 a - a +0 flail (weapon)
Armour
 b - a +0 scale mail (worn)
 c - a +0 shield (worn)
Jewellery
 j - an uncursed ring of wizardry {unknown}
Scrolls
 e - 7 scrolls of teleportation {unknown}
 g - a scroll of magic mapping {unknown}
 k - a scroll of amnesia {unknown}
 l - a scroll of immolation {unknown}
Potions
 d - a potion of might
 h - 2 potions of curing {unknown}
 i - a potion of magic {unknown}
 m - a potion of agility {unknown}
 n - a potion of haste
Comestibles
 f - 6 rations


   Skills:
 + Level 4.0 Fighting
 + Level 3.2 Maces & Flails
 + Level 4.1 Armour
 + Level 1.0 Dodging
 + Level 4.0 Shields


You had 4 spell levels left.
You didn't know any spells.
Your spell library was empty.

Dungeon Overview and Level Annotations

Branches:
Dungeon (3/15)

Altars:
Xom

Annotations:
D:3 3 runed translucent doors, PentaManta's ghost, amateur SpMo


Innate Abilities, Weirdness & Mutations

You are resistant to torment.
Your stone body is resilient. (AC +4)
You are immune to poison.
You resist negative energy. (rN+)
You are resistant to electric shocks. (rElec)
You can survive without breathing.
You are immune to petrification.
You are immune to rotting.


Message History

Your shield and scale mail prevent you from hitting the orc priest.
You block the orc priest's attack.
The orc priest hits you but does no damage.
You barely miss the orc priest.
The orc priest hits you but does no damage.
The orc priest mumbles some strange prayers to Beogh against you.
You barely resist. You sock the orc priest!
The orc priest is heavily wounded.
The orc priest mumbles some strange prayers to Beogh against you.
Beogh smites you!
Ouch! That really hurt!
* * * LOW HITPOINT WARNING * * *
The orc priest looks braver for a moment.
You closely miss the orc priest.
The orc priest is heavily wounded.
The orc priest closely misses you.
The orc priest calls down the wrath of Beogh upon you.
Beogh smites you!
You die...

# #..............#..#########.###
#.#.#.#>.....#.#....#.......#.#..
#...#............##.#...!$.g#.#..
............##.#....#..#.#..#.#..
............##.#....#.#..?#.#.#..
............#..###..#..#.#..#.#..
...................)#.O.....#....
.....####.....##.##.#glW....#.#..
.....#..(..#####@##.###+++###....
.....#.###.....#o##).............
.......##.......o..........(.....
#####......#.........(.........#.
...............#.#)..(......#.
#..........................#.
###................>.........#.
..........######.#...).........
######.#...####<#.............


You could see an orc priest and an orc.

Vanquished Creatures
  A sky beast (D:3)
  2 worms (D:2)
  2 leopard geckos
  An orc (D:3)
  2 giant cockroaches (D:3)
  9 hobgoblins
  7 kobolds
  A quokka (D:2)
  A bat (D:2)
  4 frilled lizards
  5 goblins
  5 rats
40 creatures vanquished.

Notes
Turn   | Place    | Note
-------+----------+-------------------------------------------
     0 | D:1      | Ponchio the Gargoyle Fighter began the quest for the Orb.
     0 | D:1      | Reached XP level 1. HP: 14/14 MP: 1/1
   286 | D:1      | Reached XP level 2. HP: 14/19 MP: 2/2
   448 | D:1      | Found a shimmering altar of Xom.
   793 | D:2      | Reached XP level 3. HP: 17/24 MP: 3/3
  1429 | D:3      | Found a runed translucent gate.
  1429 | D:3      | Found a runed translucent gate.
  1429 | D:3      | Found a runed translucent gate.
  1433 | D:3      | Noticed an ogre
  1435 | D:3      | Noticed PentaManta's ghost (amateur SpMo)
  1457 | D:3      | Noticed a sky beast
  1484 | D:3      | Killed a sky beast
  1484 | D:3      | Reached XP level 4. HP: 14/29 MP: 4/4
  1484 | D:3      | Reached XP level 5. HP: 16/33 MP: 5/5
  1508 | D:3      | Reached skill level 1 in Dodging
  2059 | D:3      | Killed from afar by an orc priest

Levels and vault maps discovered:
D:1:      dpeg_arrival_more_subterranean_lakeside_camping, layout_loops_cross,
          xom_teletrap_fun
D:2:      layout_loops_corners
D:3:      layout_rooms, bloody_trog, gammafunk_ghost_split,
          kennysheep_generic_room_16

Skill      XL: |  1  2  3  4  5 |
---------------+----------------+-----
Fighting       | 4 |  4.0
Maces & Flails | 3 |  3.2
Armour         | 4 |  4.1
Dodging        | 1 |  1.0
Shields        | 4 |  4.0

Action                   |  1- 3 |  4- 6 || total
-------------------------+-------+-------++-------
Melee: Flail             |   116 |    57 ||   173
  Eat: Chunk             |     1 |     2 ||     3
Armor: Scale mail        |    61 |    31 ||    92
Dodge: Dodged            |    32 |    11 ||    43
Block: Shield            |    53 |    32 ||    85
